 Dungeon Crawl Stone Soup version 0.27-a0-1291-geefcff550b (webtiles) character file.

Game seed: 9727246657131973172

52 thriggle the Cudgeller (level 3, -3/36 HPs)
             Began as a Troll Monk on June 15, 2021.
             Was a Believer of Kikubaaqudgha.
             Slain by a gnoll (6 damage)
             ... on level 2 of the Dungeon.
             The game lasted 00:03:52 (1358 turns).

thriggle the Cudgeller (Troll Monk)                 Turns: 1358, Time: 00:03:53

Health: -3/36      AC:  4    Str: 19    XL:     3   Next: 60%
Magic:  2/2        EV:  7    Int:  6    God:    Kikubaaqudgha [**....]
Gold:   80         SH:  7    Dex: 13    Spells: 2/2 levels left

rFire    . . .     SeeInvis .   a - +0 mace
rCold    . . .     Faith    .   d - +0 kite shield
rNeg     . . .     Spirit   .   b - +0 robe
rPois    .         Reflect  .   (helmet restricted)
rElec    .         Harm     .   (no cloak)
rCorr    .         Rampage  .   (gloves unavailable)
Will     .....                  (boots unavailable)
Stlth    ++........             (no amulet)
HPRegen  1.12/turn              (no ring)
MPRegen  0.08/turn              (no ring)

@: no status effects
A: large, unfitting armour, claws 3, regeneration 1, shaggy fur 1, tough skin 1
a: Renounce Religion, Receive Corpses


You were on level 2 of the Dungeon.
You worshipped Kikubaaqudgha.
Kikubaaqudgha was pleased with you.
You visited 1 branch of the dungeon, and saw 2 of its levels.

You collected 80 gold pieces.

Inventory:

Hand Weapons
 a - a +0 mace (weapon)
Missiles
 c - 68 stones (quivered)
Armour
 b - a +0 robe (worn)
 d - a +0 kite shield (worn)
Jewellery
 g - a ring of ice
Scrolls
 f - a scroll of identify {unknown}
 h - a scroll of enchant weapon {unknown}
Potions
 e - a potion of heal wounds {unknown}


   Skills:
 + Level 2.6 Fighting
 + Level 2.9 Maces & Flails
 + Level 0.9 Throwing
 + Level 2.6 Dodging
 + Level 1.3 Stealth
 * Level 0.4 Shields
 + Level 1.0 Invocations


You had 2 spell levels left.
You didn't know any spells.
Your spell library contained the following spells:

 Spells                   Type           Power      Damage    Failure   Level
 Pain                     Necr           0%         1d4       97%         1
 Corpse Rot               Necr/Air       N/A        N/A       99%         2
 Sublimation of Blood     Necr           0%         N/A       99%         2
 Vampiric Draining        Necr           0%         2d6       100%        3


Dungeon Overview and Level Annotations

Branches:
Dungeon (2/15)

Altars:
Kikubaaqudgha


Innate Abilities, Weirdness & Mutations

You are too large for most types of armour.
You have claws for hands.
Your natural rate of healing is unusually fast.
You are covered in fur. (AC +1)
You have tough skin. (AC +1)


Message History

The gnoll hits you with a +0 whip.
* * * LOW HITPOINT WARNING * * *
You hit the gnoll but do no damage.
The gnoll is moderately wounded.
You block the gnoll's attack. The gnoll barely misses you.
You closely miss the gnoll.
The gnoll is moderately wounded.
The gnoll hits you with a +0 whip.
* * * LOW HITPOINT WARNING * * *
The gnoll hits you but does no damage.
You closely miss the gnoll.
The gnoll is moderately wounded.
The gnoll hits you with a +0 whip.
* * * LOW HITPOINT WARNING * * *
You hit the gnoll but do no damage.
The gnoll is moderately wounded.
The gnoll hits you but does no damage. The gnoll barely misses you.
You hit the gnoll but do no damage.
The gnoll is moderately wounded.
You block the gnoll's attack.
You barely miss the gnoll.
The gnoll is moderately wounded.
The gnoll hits you with a +0 whip.
* * * LOW HITPOINT WARNING * * *
The gnoll hits you with a +0 whip.
* * * LOW HITPOINT WARNING * * *
You hit the gnoll.
The gnoll is heavily wounded.
The gnoll hits you with a +0 whip.
* * * LOW HITPOINT WARNING * * *
You hit the gnoll but do no damage.
The gnoll is heavily wounded.
The gnoll hits you with a +0 whip.
* * * LOW HITPOINT WARNING * * *
You block the gnoll's attack.
You hit the gnoll but do no damage.
The gnoll is heavily wounded.
The gnoll hits you with a +0 whip.
You die...
Kikubaaqudgha rasps: "You have failed me!
Welcome... death!"

..............>###
#.##...#<.#.....#
#.#....#.....#
#...##.#.÷...#
....#.##.#.....####.
###.#....#..........
# ####.#.....##### #+
#. #.#.....# #.## #.
#.#.@g..# ..#
#.####.##.####
##.#####....#....#
......##....#.#####.#
......##....'.[.....#
......##....#.#######
###....#....#.#
#....#....#.#
#....#...÷#.#


You could see a gnoll.

Vanquished Creatures
  A worm (D:2)
  2 dart slugs
  4 ball pythons
  7 bats
  5 endoplasms
  4 hobgoblins (D:1)
  3 jackals (D:1)
  A quokka (D:1)
  3 frilled lizards
  5 goblins
  4 kobolds
  2 rats (D:1)
41 creatures vanquished.

Notes
Turn   | Place    | Note
-------+----------+-------------------------------------------
     0 | D:1      | thriggle the Troll Monk began the quest for the Orb.
     0 | D:1      | Reached XP level 1. HP: 22/22 MP: 0/0
    77 | D:1      | Reached XP level 2. HP: 29/29 MP: 1/1
   492 | D:1      | Reached XP level 3. HP: 36/36 MP: 2/2
  1099 | D:2      | Reached skill level 1 in Invocations
  1185 | D:2      | Found a faded altar of an unknown god.
  1205 | D:2      | Became a worshipper of Kikubaaqudgha
  1205 | D:2      | Reached * piety under Kikubaaqudgha
  1205 | D:2      | Identified Kikubaaqudgha's Tome of Black Rites
                  | (Kikubaaqudgha gifted it to you on level 2 of the Dungeon)
  1205 | D:2      | Received a gift from Kikubaaqudgha
  1205 | D:2      | Reached ** piety under Kikubaaqudgha
  1357 | D:2      | HP: 1/36 [gnoll (4)]
  1358 | D:2      | Slain by a gnoll

Illustrated notes

Levels and vault maps discovered:
D:1:      erik_arrival_cave_to_civilisation [erik_arrival_cave_to_temple],
          layout_basic
D:2:      layout_basic, ebering_ecumenical_altar_mist, feat_on_display

Skill      XL: |  1  2  3 |
---------------+----------+-----
Invocations    | 1 |  1.0
Fighting       | |  2.6
Maces & Flails | |  2.9
Throwing       | |  0.9
Dodging        | |  2.6
Stealth        | |  1.3
Shields        | |  0.4

Action                   || total
-------------------------++-------
Melee: Mace              ||   136
Throw: Stone             ||    10
 Stab: Sleeping          ||     3
Armor: Robe              ||    50
Dodge: Dodged            ||    70
Block: Kite shield       ||    41

Table legend: (Time is in decaauts)
 A = Elapsed time spent in this place.
 B = Non-inter-level travel time spent in this place.
 C = Inter-level travel time spent in this place.
 D = Time resting spent in this place.
 E = Time spent auto-exploring this place.
 F = Levels seen in this place.
 G = Mean time per level.
                   A        B        C        D        E       F      G
               +--------+--------+--------+--------+--------+-----+--------+
         Total |   1425 |   1287 |    138 |      0 |    783 |   2 |  712.5 |
       Dungeon |   1425 |   1287 |    138 |      0 |    783 |   2 |  712.5 |
               +--------+--------+--------+--------+--------+-----+--------+

Top non-repeatable levels by time:
     D:1: 1040 daAuts
     D:2: 385 daAuts
